 Dungeon Crawl Stone Soup version 0.27-a0-1280-g9d2d252d84 (webtiles) character file.

Game seed: 15909160239744890770

324 27snakeeyes612 the Skirmisher (level 6, -1/66 HPs)
             Began as an Ogre Fighter on June 13, 2021.
             Slain by a steam dragon (3 damage)
             ... on level 4 of the Dungeon.
             The game lasted 00:03:26 (4412 turns).

27snakeeyes612 the Skirmisher (Ogre Fighter)        Turns: 4412, Time: 00:03:27

Health: -1/66      AC:  3    Str: 23    XL:     6   Next: 48%
Magic:  6/6        EV:  8    Int:  9    God:
Gold:   152        SH:  9    Dex:  8    Spells: 5/5 levels left

rFire    . . .     SeeInvis .   a - +0 war axe
rCold    + . .     Faith    .   c - +0 kite shield
rNeg     . . .     Spirit   .   b - +0 robe
rPois    .         Reflect  .   (helmet restricted)
rElec    .         Harm     .   (no cloak)
rCorr    +         Rampage  .   (gloves unavailable)
Will     .....                  (boots unavailable)
Stlth    +.........             (no amulet)
HPRegen  0.21/turn              l - ring of protection from cold
MPRegen  0.10/turn              f - ring of resist corrosion

@: no status effects
A: large, unfitting armour, tough skin 1
a: no special abilities


You were on level 4 of the Dungeon.
You visited 1 branch of the dungeon, and saw 4 of its levels.

You collected 152 gold pieces.

Inventory:

Hand Weapons
 a - a +0 war axe (weapon)
Armour
 b - a +0 robe (worn)
 c - a +0 kite shield (worn)
Jewellery
 f - a ring of resist corrosion (right hand)
 l - a ring of protection from cold (left hand)
Wands
 g - a wand of acid (11)
Scrolls
 p - 3 scrolls of magic mapping
Potions
 d - a potion of magic
 e - a potion of cancellation
 k - a potion of berserk rage {unknown}
 o - 3 potions of curing
 q - a potion of mutation {unknown}


   Skills:
 + Level 5.4 Fighting
 + Level 4.4 Axes
 + Level 3.7 Dodging
 + Level 0.6 Stealth
 + Level 3.6 Shields


You had 5 spell levels left.
You didn't know any spells.
Your spell library contained the following spells:

 Spells                   Type           Power      Damage    Failure   Level
 Confusing Touch          Hex            0%         N/A       98%         3
 Gell's Gravitas          Tloc           0%         N/A       98%         3
 Petrify                  Tmut/Erth      0%         N/A       100%        4
 Metabolic Englaciation   Hex/Ice        0%         N/A       100%        5
 Yara's Violent Unravell  Hex/Tmut       0%         3d3       100%        5


Dungeon Overview and Level Annotations

Branches:
Dungeon (4/15)
 Temple: D:4-7

Altars:


Innate Abilities, Weirdness & Mutations

You are too large for most types of armour.
You have tough skin. (AC +1)


Message History

The steam dragon bites you! You block the steam dragon's attack.
You slash the steam dragon!
The steam dragon is heavily wounded.
The steam dragon breathes steam at you. The ball of steam hits you!!
You closely miss the steam dragon.
The steam dragon is heavily wounded.
You are engulfed in a cloud of scalding steam.
* * * LOW HITPOINT WARNING * * *
You block the steam dragon's attack. The steam dragon claws you.
* * * LOW HITPOINT WARNING * * *
The steam dragon bites you.
* * * LOW HITPOINT WARNING * * *
You block the steam dragon's attack.
You hit the steam dragon but do no damage.
The steam dragon is heavily wounded.
The steam dragon bites you but does no damage.
The steam dragon claws you.
* * * LOW HITPOINT WARNING * * *
You feel much better. The steam dragon breathes steam at you.
The ball of steam misses you.
You barely miss the steam dragon.
The steam dragon is heavily wounded.
You are engulfed in a cloud of scalding steam.
The steam dragon barely misses you.
The steam dragon claws you but does no damage.
The steam dragon bites you. The steam dragon barely misses you.
You closely miss the steam dragon.
The steam dragon is heavily wounded.
You are engulfed in a cloud of scalding steam.
* * * LOW HITPOINT WARNING * * *
You block the steam dragon's attack.
The steam dragon claws you but does no damage.
You hit the steam dragon but do no damage.
The steam dragon is heavily wounded.
You are engulfed in a cloud of scalding steam.
* * * LOW HITPOINT WARNING * * *
The steam dragon closely misses you. The steam dragon claws you.
You die...

#..##
##.....#.#
#...#
#.....#.#
..#.##
########.#
###..#
#........#
..##.##
#D########
#.##..#
#..# #.#
#.###.#
##.# #.#
#.##..#
#.# #.#
..##.##
#.## #@#
.###.#
#..###D#
..#..#
##..#..#
#...##
##...##
#####
#####


You could see a steam dragon.

Vanquished Creatures
  An ogre (D:4)
  An iguana (D:4)
  Terence (D:2)
  An orc wizard (D:3)
  3 hound skeletons
  A howler monkey skeleton (D:4)
  3 adders
  An adder skeleton (D:4)
  3 dart slugs
  11 orcs
  4 ball pythons (D:1)
  7 endoplasms
  A giant cockroach (D:4)
  6 goblins
  4 hobgoblins
  7 jackals
  5 kobolds
  A quokka (D:1)
  4 bats
  A frilled lizard (D:1)
  2 rats
68 creatures vanquished.

Vanquished Creatures (others)
  3 plants (D:1)
3 creatures vanquished.

Grand Total: 71 creatures vanquished

Notes
Turn   | Place    | Note
-------+----------+-------------------------------------------
     0 | D:1      | 27snakeeyes612 the Ogre Fighter began the quest for the
                  | Orb.
     0 | D:1      | Reached XP level 1. HP: 24/24 MP: 1/1
    19 | D:1      | Reached XP level 2. HP: 26/32 MP: 2/2
   425 | D:1      | Reached XP level 3. HP: 40/40 MP: 3/3
   481 | D:1      | Found a faded altar of an unknown god.
  1234 | D:2      | Noticed Terence
  1244 | D:2      | Killed Terence
  1245 | D:2      | Reached XP level 4. HP: 6/49 MP: 4/4
  1933 | D:3      | Reached XP level 5. HP: 31/55 MP: 5/5
  2332 | D:3      | Reached skill level 5 in Fighting
  3592 | D:4      | Reached XP level 6. HP: 65/66 MP: 6/6
  3884 | D:4      | Noticed a steam dragon
  4412 | D:4      | HP: 2/66 [steam dragon] (6)]
  4412 | D:4      | Slain by a steam dragon

Illustrated notes

Levels and vault maps discovered:
D:1:      erik_arrival_triangle_small, layout_loops_ring,
          chequers_ecumenical_altar_lobes, minmay_stone_trees_small,
          minmay_misc_feat_tower, chequers_serial_rivers_large_b,
          minmay_pentomino_t2
D:2:      layout_rooms, uniq_terence
D:3:      layout_basic, hex_tiny
D:4:      layout_gridville, serial_co_window_serial, co_window_corner_a,
          co_window_paths_a, co_window_paths_b, co_window_corner_a,
          co_window_corner_a, co_window_corner_a, co_window_corner_a,
          co_window_unsneaky_path_e, co_window_corner_b, co_window_corner_ca,
          co_window_of_opportunity_c, co_window_paths_c, co_window_corner_ca,
          co_window_paths_d, glass_columns_a

Skill      XL: |  1  2  3  4  5 |
---------------+----------------+-----
Dodging        | 3 |  3.7
Shields        | 3 |  3.6
Axes           | 3 4 |  4.4
Fighting       | 5 |  5.4
Stealth        | |  0.6

Action                   |  1- 3 |  4- 6 || total
-------------------------+-------+-------++-------
Melee: War axe           |    99 |   102 ||   201
  Use: Potion            |     1 |     3 ||     4
       Scroll            |       |     9 ||     9
Armor: Robe              |    32 |    22 ||    54
Dodge: Dodged            |    51 |    41 ||    92
Block: Kite shield       |    52 |    55 ||   107

Table legend: (Time is in decaauts)
 A = Elapsed time spent in this place.
 B = Non-inter-level travel time spent in this place.
 C = Inter-level travel time spent in this place.
 D = Time resting spent in this place.
 E = Time spent auto-exploring this place.
 F = Levels seen in this place.
 G = Mean time per level.
                   A        B        C        D        E       F      G
               +--------+--------+--------+--------+--------+-----+--------+
         Total |   4546 |   4480 |     66 |    624 |   3264 |   4 | 1136.5 |
       Dungeon |   4546 |   4480 |     66 |    624 |   3264 |   4 | 1136.5 |
               +--------+--------+--------+--------+--------+-----+--------+

Top non-repeatable levels by time:
     D:4: 1684 daAuts
     D:3: 1086 daAuts
     D:1: 928 daAuts
     D:2: 847 daAuts
